 Dungeon Crawl Stone Soup version 0.18.1-48-g4cf74bf (webtiles) character file.

738391 Peloso the Minotaur Barricade (level 27, -14/273 HPs)
             Began as a Minotaur Fighter on Aug 13, 2016.
             Was the Champion of Okawaru.
             Demolished by a Killer Klown (16 damage)
             ... while paralysed
             ... on level 5 of the Realm of Zot on Aug 14, 2016.
             The game lasted 05:52:52 (88829 turns).

Peloso the Minotaur Barricade (Minotaur Fighter)   Turns: 88829, Time: 05:52:54

Health: -14/273    AC: 45    Str: 38      XL:     27
Magic:  33/33      EV: -1    Int:  0 (1)  God:    Okawaru [******]
Gold:   8048       SH:  0    Dex: 13      Spells: 0 memorised, 27 levels left

rFire  + . .     SeeInvis +     L - +8 autumn katana {slice, Clar}
rCold  + + .     Gourm    .     I - +8 gold dragon armour
rNeg   + + .     Faith    .     d - +2 large shield {rN+}
rPois  +         Spirit   .     S - +1 hat {MR+}
rElec  +         Dismiss  .     j - +0 cloak {MR+}
rCorr  .         Reflect  +     y - +1 pair of gloves {Str+3}
SustAt .         Harm     .     C - +2 pair of boots of the Assassin {DetectMon Stab+ Stlth++}
MR     +++++     Clarity  +     Y - amulet "Behuamik" {Reflect rElec rN+ MR+ Int-4 SH+3}
Stlth  ..........               r - ring "Yxyagook" {Str+6 SInv}
                                X - ring "Pyiris" {rC+ Str+2 Stlth-}

@: paralysed, heroism, very slightly contaminated, hasted and slowed, lost
intelligence, constricted, drained, almost entirely resistant to hostile
enchantments, extremely unstealthy
A: retaliatory headbutt, horns 2, blurry vision 3, clumsy 2, deterioration 1,
screaming 1, no device heal 1, subdued magic 1
a: Heroism, Finesse, Renounce Religion
}: 4/15 runes: serpentine, barnacled, slimy, silver


You were on level 5 of the Realm of Zot.
You worshipped Okawaru.
Okawaru was exalted by your worship.
You were near starving.

You visited 12 branches of the dungeon, and saw 61 of its levels.
You also visited: Bailey, Volcano and Wizlab.

You collected 9041 gold pieces.
You spent 993 gold pieces at shops.

Inventory:

Hand Weapons
 q - a +9 double sword of draining
 L - the +8 autumn katana (weapon) {slice, Clar}
   (Okawaru gifted it to you on level 3 of the Depths)

   It inflicts extra damage upon your enemies.
   It protects you against confusion.
 O - the +4 demon blade of Sawnoasi {vamp, rF+++ rC- Int-2 Stlth+}
   (Okawaru gifted it to you on level 2 of the Orcish Mines)

   It inflicts no extra harm, but heals its wielder somewhat when it strikes a
   living foe.
   It affects your intelligence (-2).
   It renders you almost immune to fire.
   It makes you vulnerable to cold.
   It makes you more stealthy.
Armour
 b - the +1 pair of boots of the Lute {rPois rN+ rCorr Str+3}
   (Okawaru gifted it to you on level 15 of the Dungeon)

   It affects your strength (+3).
   It protects you from poison.
   It protects you from negative energy.
   It protects you from acid and corrosion.
 d - a +2 large shield of positive energy (worn)
 h - the +2 pair of boots "Arhucrum" {rPois rC+ Dex+4 Stlth+}
   (Okawaru gifted it to you on level 5 of the Vaults)

   It affects your dexterity (+4).
   It protects you from cold.
   It protects you from poison.
   It makes you more stealthy.
 j - a +0 cloak of magic resistance (worn)
 l - the +15 Maxwell's patent armour {-Cast -Tele rElec MR+ rCorr}
   (You acquired it on level 5 of the Depths)

   It insulates you from electricity.
   It affects your resistance to hostile enchantments.
   It prevents spellcasting.
   It prevents most forms of teleportation.
   It protects you from acid and corrosion.
 y - a +1 pair of gloves of strength (worn)
 C - the +2 pair of boots of the Assassin (worn) {DetectMon Stab+ Stlth++}
   (You acquired it on level 6 of the Lair of Beasts)

   It makes you much more stealthy.
 I - a +8 gold dragon armour (worn)
 S - a +1 hat of magic resistance (worn)
Jewellery
 a - an uncursed ring of protection from magic
 r - the ring "Yxyagook" (right hand) {Str+6 SInv}
   (You took it off a deep elf demonologist on level 3 of the Elven Halls)

   [ring of see invisible]

   It affects your strength (+6).
   It lets you see invisible.
 J - the amulet "Duagutam" {rElec rPois rF++ Regen+}
   (You took it off an ushabti on level 3 of the Crypt)

   [amulet of regeneration]

   It greatly protects you from fire.
   It insulates you from electricity.
   It protects you from poison.
   It increases your rate of regeneration.
 M - an uncursed amulet of the gourmand
 X - the ring "Pyiris" (left hand) {rC+ Str+2 Stlth-}
   (You took it off a hell knight on level 4 of the Depths)

   [ring of loudness]

   It affects your strength (+2).
   It protects you from cold.
   It makes you less stealthy.
 Y - the amulet "Behuamik" (around neck) {Reflect rElec rN+ MR+ Int-4 SH+3}
   (You found it on level 3 of the Crypt)

   [amulet of reflection]

   It shields you and reflects attacks.
   It affects your intelligence (-4).
   It insulates you from electricity.
   It protects you from negative energy.
   It affects your resistance to hostile enchantments.
   It affects your SH (+3).
Wands
 s - a wand of teleportation (7/9)
 t - a wand of digging (9/24)
 v - a wand of heal wounds (3/9)
 D - a wand of heal wounds (6/9)
 P - a wand of disintegration (6/24)
 R - a wand of slowing (30/48)
Scrolls
 c - 2 scrolls of holy word
 g - 11 scrolls of identify
 k - 34 scrolls of remove curse
 m - 18 scrolls of teleportation
 n - 4 scrolls of fog
 p - 2 scrolls of recharging
 w - 5 scrolls of summoning
 x - 6 scrolls of magic mapping
 H - 3 scrolls of blinking
 K - 2 scrolls of silence
 Q - a scroll of enchant armour
 Z - 5 scrolls of fear
Potions
 e - a potion of berserk rage
 i - 6 potions of heal wounds
 z - 16 potions of curing
 E - 5 potions of invisibility
 F - 6 potions of might
 N - 6 potions of agility
 U - 5 potions of resistance
 V - a potion of haste
Comestibles
 f - 32 bread rations
 o - a slice of pizza
 u - 23 meat rations
 A - 29 fruits
 B - 28 beef jerkies
 G - 2 royal jellies
 T - 3 chunks of flesh


   Skills:
 O Level 27(26.8) Fighting
 O Level 27(26.8) Long Blades
 + Level 1.3(6.1) Throwing
 O Level 27(26.8) Armour
 + Level 10.4(15.3) Dodging
 + Level 6.4(11.3) Stealth
 O Level 27(26.8) Shields
 + Level 1.3(6.2) Unarmed Combat
 + Level 0.7(0.6) Spellcasting
 + Level 14.6(14.5) Invocations
 + Level 12.0(11.9) Evocations


You had 27 spell levels left.
You didn't know any spells.

Dungeon Overview and Level Annotations

Branches:
Dungeon (15/15)            Temple (1/1) D:4            Lair (8/8) D:11
 Shoals (4/4) Lair:4        Snake (4/4) Lair:5        Slime (6/6) Lair:7
    Orc (2/2) D:11            Elf (3/3) Orc:2        Vaults (5/5) D:14
  Crypt (3/3) Vaults:2       Tomb (0/3) Crypt:3      Depths (5/5) D:15
    Zot (5/5) Depths:5

Altars:
Ashenzari
Cheibriados
Dithmenos
Elyvilon
Fedhas
Gozag
Kikubaaqudgha
Makhleb
Nemelex Xobeh
Okawaru
Pakellas
Qazlal
Ru
Trog
Vehumet
Yredelemnul
Zin
The Shining One
Beogh

Shops:
D:7 %   D:8 ?   D:9 [   D:14 (   Orc:1 :   Orc:2 :%[:[   Elf:3 =   Shoals:2 ?
Snake:1 (   Vaults:3 ?   Vaults:4 [

Portals:
Hell: Depths:1 Depths:2 Depths:3 Depths:4 Depths:5
Abyss: Depths:4
Pandemonium: Depths:3
Ziggurat: Depths:5

Annotations:
Depths:5 3 runed doors


Innate Abilities, Weirdness & Mutations

You reflexively headbutt those who attack you in melee.
You have a pair of horns on your head.
Scrolls take you much longer to read.
You are very clumsy. (Dex -4)
Your body sometimes deteriorates upon taking damage.
You occasionally shout uncontrollably at your foes.
Potions and wands are less effective at restoring your health.
Your spells are a little easier to cast, but a little less powerful.


Message History

The ancient lich is almost destroyed.
The Orb Guardian hits you!!
* * * LOW HITPOINT WARNING * * *
Your body deteriorates!
You feel dopey.
You have lost your intelligence.
The wraith hits you but does no damage.
The ancient lich touches you but does no damage.
The Orb Guardian hits you but does no damage.
The wandering mushroom releases spores at you but does no damage.
The ancient lich gestures at you while chanting.
Helpless, you fail to dodge the bolt of negative energy.
You partially resist.
You feel drained.
* * * LOW HITPOINT WARNING * * *
The bolt of negative energy hits the wraith.
The wraith completely resists.
The bolt of negative energy hits the wandering mushroom.
The wandering mushroom completely resists.
The Killer Klown eye-gouges you.
* * * LOW HITPOINT WARNING * * *
You are engulfed in flames!
You resist.
You die...

.......
.....##.
........
.....^^.
▓▓.....##▓
▓▓▓▓▓▓▓▓
▓▓.........
▓▓..........
▓▓...D.......
▓..fWWfy.....
▓..fXpWWW....
▓▓.fW@LW.....
▓▓ffWXW.....
▓▓§zfWf....
.......(..
...........
............
▓............
▓▓...........


You could see a Killer Klown, a tentacled monstrosity, an ancient lich, a curse
toe, an ice dragon, an Orb Guardian (berserk), 2 deathcaps, a moth of wrath, 2
phantasmal warriors, 6 wandering mushrooms, 3 freezing wraiths, 2 hungry ghosts
and 3 wraiths.

Vanquished Creatures
  the Royal Jelly (Slime:6)
  3 orbs of fire (Zot:5)
  2 ancient liches (Crypt:3)
  3 juggernauts
  Sojobo (Vaults:3)
  2 greater mummies
  Saint Roka (Crypt:1)
  Vashnia (Snake:4)
  11 caustic shrikes
  2 Killer Klowns (Zot:5)
  A curse toe (Zot:2)
  Nikola (Vaults:1)
  10 golden dragons
  A bone dragon (Depths:5)
  2 iron giants (Depths:4)
  4 electric golems
  7 liches
  17 tentacled monstrosities
  12 Orb Guardians (Zot:5)
  3 deep elf blademasters
  2 deep elf master archers (Elf:3)
  5 titans
  36 acid blobs
  A quicksilver dragon (Vaults:5)
  5 sphinxes
  4 krakens
  13 death cobs
  Kirke (Elf:1)
  Ilsuiw (Shoals:3)
  3 ancient champions
  Roxanne (Snake:4)
  10 tengu reavers
  11 shadow dragons
  14 azure jellies
  5 revenants
  12 storm dragons
  5 draconian monks
  6 greater nagas (Snake:4)
  10 deep elf sorcerers
  2 iron dragons
  Maud (D:14)
  4 draconian knights
  18 fire giants
  10 frost giants
  4 draconian zealots
  10 vault wardens
  Louise (Shoals:3)
  Donald (Shoals:1)
  4 draconian scorchers
  4 deep elf elementalists (Elf:3)
  3 draconian shifters
  3 orc warlords
  3 curse skulls (Crypt:3)
  A caustic shrike zombie (WizLab)
  3 draconian annihilators
  A reaper (Crypt:3)
  A ghoul (Vaults:4)
  25 stone giants
  4 spriggan defenders (Depths:4)
  17 ironheart preservers
  7 black draconians
  24 very ugly things
  5 vampire knights
  9 green draconians
  2 draconian callers
  5 salamander stormcallers
  11 red draconians
  17 deep elf demonologists
  3 white draconians
  9 deep elf annihilators
  7 eidola
  16 yellow draconians
  7 mottled draconians
  6 purple draconians
  5 spark wasps
  9 death oozes
  14 ettins
  2 mummy priests (WizLab)
  4 merfolk javelineers
  29 vault guards
  A quicksilver dragon zombie (Crypt:3)
  10 merfolk impalers
  12 deep elf death magi
  Josephine (Shoals:1)
  A great orb of eyes (shapeshifter) (Vaults:5)
  6 deep elf high priests
  9 ogre magi
  15 fire dragons
  14 yaktaur captains
  8 rakshasas
  13 great orbs of eyes
  A quicksilver dragon skeleton (Crypt:3)
  10 entropy weavers
  14 hydras
  24 naga warriors
  A hell beast (Depths:1)
  The ghost of RepoMan the Unseen, a journeyman FeTm (D:14)
  A catoblepas (Lair:8)
  8 spriggan air magi
  14 ice dragons
  Erica (Lair:1)
  2 death knights
  An anaconda (shapeshifter) (Depths:4)
  4 satyrs
  11 centaur warriors
  The ghost of schammes the Blocker, a journeyman GrFi of Qazlal (Bailey)
  17 anacondas
  3 merfolk avatars
  8 death yaks
  An alligator snapping turtle (Shoals:2)
  27 dancing weapons
  A tengu warrior (Depths:4)
  8 deep troll shamans
  5 merfolk aquamancers
  2 vampire magi
  12 naga sharpshooters
  2 titan zombies
  6 deep troll earth magi
  An iron giant zombie (WizLab)
  7 spriggan berserkers
  7 orc high priests
  2 small abominations
  9 shock serpents
  23 hell knights
  2 titan skeletons (Crypt:3)
  3 iron trolls (Depths:3)
  23 deep elf knights
  10 soul eaters (Crypt:3)
  A fire crab (Vaults:5)
  A shadow wraith (Crypt:3)
  20 skeletal warriors
  19 sea snakes
  4 wizards
  3 salamander mystics
  A spark wasp zombie (Depths:4)
  3 unseen horrors
  5 giant orange brains
  An anaconda zombie (Crypt:3)
  A death drake (shapeshifter) (Vaults:2)
  30 deep trolls
  A ghost moth zombie (Crypt:3)
  9 flayed ghosts
  6 naga ritualists
  21 harpies
  18 deep elf archers
  Pikel (D:5)
  22 necromancers
  18 orc knights
  5 hill giants
  2 tengu zombies
  3 iron dragon zombies
  19 phantasmal warriors
  2 shadow dragon zombies
  13 ironbrand convokers
  An oklob plant (Lair:5)
  A sphinx zombie (WizLab)
  A wolf spider (shapeshifter) (Depths:2)
  5 mana vipers
  14 griffons
  14 salamanders
  3 wolf spiders
  2 fire giant zombies
  13 manticores
  4 fauns
  72 deep elf magi
  3 hornets
  2 orc sorcerers (Orc:2)
  An iron dragon skeleton (Depths:4)
  22 ugly things
  9 cyclopes
  2 frost giant zombies (Crypt:3)
  A centaur zombie (D:15)
  12 shining eyes
  21 moths of wrath
  3 stone giant zombies (Crypt:3)
  2 frost giant skeletons (Crypt:3)
  6 guardian serpents
  3 fire giant skeletons
  2 stone giant skeletons
  A black mamba (shapeshifter) (Depths:2)
  A shock serpent zombie (Crypt:2)
  A hell hog skeleton (Crypt:2)
  11 sirens
  2 salamanders (shapeshifter)
  A rust devil (Depths:1)
  8 naga magi
  8 water nymphs
  34 black mambas
  An eye of devastation (shapeshifter) (Depths:4)
  33 elephants
  A torpor snail (Lair:6)
  8 spiny frogs
  21 vault sentinels
  2 yaktaur zombies (WizLab)
  4 gargoyles
  A storm dragon simulacrum (Vaults:1)
  2 rime drakes
  4 centaur skeletons
  A shock serpent skeleton (Crypt:2)
  An elf zombie (WizLab)
  2 kobold demonologists
  16 freezing wraiths
  A rime drake (shapeshifter) (D:14)
  An ice devil (Depths:1)
  7 komodo dragons
  57 yaktaurs
  2 human zombies
  13 hellwings (Crypt:3)
  2 komodo dragons (shapeshifter)
  A mottled draconian skeleton (Crypt:1)
  A harpy zombie (Crypt:3)
  2 jumping spiders (shapeshifter)
  A merfolk (shapeshifter) (Vaults:5)
  27 merfolk
  A red devil (Depths:1)
  4 tengu conjurers
  A troll (shapeshifter) (D:15)
  Grinder (D:4)
  3 polar bears
  13 trolls
  6 jumping spiders
  2 wind drakes (shapeshifter)
  8 two-headed ogres
  A tengu simulacrum (Vaults:4)
  A wind drake (Shoals:2)
  14 blink frogs
  3 fire dragon zombies
  3 ushabtiu (Crypt:3)
  A hornet zombie (WizLab)
  A deep troll zombie (WizLab)
  3 ice dragon zombies
  146 slime creatures
  5 boulder beetles
  11 snapping turtles
  An ettin skeleton (Crypt:1)
  6 flying skulls
  7 air elementals
  4 spriggans
  2 centaur simulacra (D:14)
  19 redbacks
  40 yaks
  A spriggan (shapeshifter) (Depths:4)
  An alligator skeleton (Crypt:3)
  2 shadows
  20 water elementals
  3 tarantellas
  A yak (shapeshifter) (Depths:3)
  A tarantella (shapeshifter) (D:14)
  4 wyverns
  2 basilisks
  A fire elemental (Elf:1)
  19 wraiths
  A basilisk (shapeshifter) (Vaults:5)
  18 humans (D:14)
  A steam dragon (shapeshifter) (Depths:4)
  5 hogs
  33 vampire mosquitoes
  An elf skeleton (Depths:4)
  15 hippogriffs
  2 hungry ghosts
  A steam dragon (D:14)
  Grum (D:8)
  A giant leech zombie (Crypt:2)
  A yaktaur simulacrum (Vaults:4)
  5 golden eyes
  A mottled dragon (shapeshifter) (Vaults:1)
  9 wargs
  A mottled dragon (Vaults:1)
  45 nagas
  A faun zombie (Crypt:2)
  A soldier ant (shapeshifter) (Depths:3)
  A hell hound (shapeshifter) (Elf:2)
  9 porcupines
  A giant eyeball (Depths:5)
  The ghost of Egor the Sneak, an amateur VSEn (D:4)
  14 black bears
  19 water moccasins
  A spiny frog skeleton (Crypt:3)
  4 necrophages (D:6)
  47 orc warriors
  3 sky beasts
  A fire dragon simulacrum (Crypt:2)
  An ice beast (D:8)
  4 wasps
  2 phantoms
  4 eyes of draining
  40 ogres
  22 wolves
  A snapping turtle skeleton (Crypt:3)
  2 human skeletons
  A manticore skeleton (Crypt:3)
  6 boggarts
  18 centaurs
  A boggart (shapeshifter) (Depths:4)
  14 crocodiles
  2 big kobolds
  A komodo dragon zombie (Crypt:1)
  2 gnoll sergeants
  3 earth elementals
  32 giant frogs
  9 wyvern skeletons (Crypt:3)
  5 scorpions
  The ghost of Sneal the Shooter, a weakling CeHu of Okawaru (D:3)
  12 killer bees
  An orc simulacrum (Vaults:1)
  24 wights
  7 howler monkeys
  A raiju skeleton (Crypt:1)
  12 crimson imps
  2 quasits (D:5)
  4 giant frog zombies
  9 hounds
  41 jellies
  40 orc priests
  2 giant frog skeletons
  12 iguanas
  50 orc wizards
  8 worker ants
  A killer bee zombie (D:9)
  26 sheep
  An ogre zombie (Crypt:2)
  2 tengu skeletons
  A hound skeleton (D:4)
  3 mummies (Volcano)
  2 howler monkey zombies
  2 worker ant zombies
  29 gnolls
  14 adders
  38 river rats
  4 shadow imps
  2 adder zombies
  A worm zombie (Crypt:2)
  2 adder skeletons
  5 worms
  2 dart slugs (D:3)
  9 giant geckos
  151 orcs
  8 giant cockroaches
  27 goblins
  20 hobgoblins
  17 jackals
  18 kobolds
  9 quokkas
  A ball python (D:3)
  4 bats
  A giant cockroach zombie (D:5)
  A giant gecko zombie (D:6)
  5 giant newts
  A jackal zombie (Crypt:2)
  A quokka skeleton (D:9)
  A quokka zombie (D:3)
  7 rats
  A rat zombie (Crypt:2)
  A bush (Lair:5)
  A butterfly (D:4)
  2 crawling corpses
  2 fire vortices (Vaults:5)
  3 fungi
  5 plants
  5 tentacles
  4 withered plants (Crypt:3)
3073 creatures vanquished.

Vanquished Creatures (others)
  A tengu reaver (Vaults:5)
  A deep elf elementalist (Elf:3)
  A merfolk javelineer (Depths:3)
  A centaur warrior (Depths:3)
  A tengu warrior (Depths:4)
  A deep troll earth mage (Depths:3)
  A hell knight (Depths:5)
  A deep elf mage (Elf:2)
  A water nymph (Shoals:3)
  5 yaktaurs
  A merfolk (Shoals:3)
  A wraith (Shoals:1)
  An air elemental (Depths:4)
  A water elemental (Shoals:1)
  A naga (shapeshifter) (Depths:5)
  A naga (Snake:4)
  2 centaurs (Depths:1)
  A crimson imp (D:5)
  An adder (D:5)
  An orc (Vaults:4)
  A quokka (D:11)
  2 bushes (D:6)
  10 fungi
  13 lost souls
  18 plants
  17 tentacles
  824 tentacle segments
  6 withered plants (Crypt:3)
916 creatures vanquished.

Grand Total: 3989 creatures vanquished

Notes
Turn   | Place    | Note
--------------------------------------------------------------
     0 | D:1      | Peloso the Minotaur Fighter began the quest for the Orb.
     0 | D:1      | Reached XP level 1. HP: 19/19 MP: 0/0
   138 | D:1      | Reached XP level 2. HP: 27/27 MP: 1/1
   709 | D:2      | Reached XP level 3. HP: 18/33 MP: 2/2
  1520 | D:2      | Reached XP level 4. HP: 41/41 MP: 3/3
  2163 | D:3      | Noticed Sneal's ghost (weakling CeHu)
  2164 | D:3      | Reached skill level 1 in Dodging
  2172 | D:3      | Killed Sneal's ghost
  2172 | D:3      | Reached skill level 5 in Armour
  2172 | D:3      | Reached XP level 5. HP: 42/47 MP: 4/4
  2526 | D:4      | Found an opulent altar of Gozag.
  2597 | D:4      | Found a staircase to the Ecumenical Temple.
  2613 | D:4      | Noticed Grinder
  2632 | D:4      | Paralysed by Grinder for 7 turns
  2639 | D:4      | Killed Grinder
  2639 | D:4      | Reached skill level 5 in Fighting
  2639 | D:4      | Reached skill level 5 in Shields
  2639 | D:4      | Reached XP level 6. HP: 36/56 MP: 5/5
  2915 | D:4      | Found a shattered altar of Ashenzari.
  2917 | D:4      | Found a stormy altar of Qazlal.
  2917 | D:4      | Noticed Egor's ghost (amateur VSEn)
  2926 | D:4      | Killed Egor's ghost
  2926 | D:4      | Reached XP level 7. HP: 56/61 MP: 6/6
  3134 | D:4      | Found a blossoming altar of Fedhas.
  3528 | D:5      | Entered Level 5 of the Dungeon
  4138 | D:5      | Noticed Pikel
  4173 | D:5      | Killed Pikel
  4173 | D:5      | Reached skill level 5 in Long Blades
  4173 | D:5      | Reached XP level 8. HP: 16/70 MP: 7/7
  4616 | D:6      | Found a blossoming altar of Fedhas.
  5099 | D:6      | Found a burning altar of Makhleb.
  5342 | D:6      | Found a bloodstained altar of Trog.
  5771 | D:7      | Reached XP level 9. HP: 71/74 MP: 8/8
  5834 | D:7      | Reached skill level 5 in Dodging
  6011 | D:7      | Found Nogaibb's Food Emporium.
  6148 | D:7      | Found a burning altar of Makhleb.
  6698 | D:7      | HP: 3/77 [water moccasin (5)]
  7778 | D:8      | Reached skill level 1 in Stealth
  7816 | D:8      | Found an oddly glowing altar of Pakellas.
  7824 | D:8      | Found Hyuwet's Magic Scroll Emporium.
  7884 | D:8      | Reached XP level 10. HP: 81/86 MP: 9/9
  8053 | D:8      | Found a glowing golden altar of the Shining One.
  8139 | D:8      | Reached skill level 10 in Shields
  8286 | D:8      | Noticed Grum
  8297 | D:8      | Killed Grum
  9324 | D:8      | Reached skill level 10 in Armour
  9379 | D:9      | Found a radiant altar of Vehumet.
  9903 | D:9      | Found Mausidet's Armour Shop.
 11333 | Temple   | Entered the Ecumenical Temple
 11349 | Temple   | Became a worshipper of Warmaster Okawaru
 11487 | D:10     | Entered Level 10 of the Dungeon
 11487 | D:10     | Found a blossoming altar of Fedhas.
 11630 | D:10     | Found a huge runed gate.
 11630 | D:10     | Found a huge runed gate.
 11630 | D:10     | Found a huge runed gate.
 11630 | D:10     | Found a huge runed gate.
 11670 | D:10     | Noticed a gargoyle
 11683 | D:10     | Killed a gargoyle
 11683 | D:10     | Reached skill level 10 in Long Blades
 11683 | D:10     | Reached XP level 11. HP: 66/95 MP: 10/10
 11786 | D:10     | Found a white marble altar of Elyvilon.
 12239 | D:10     | Reached * piety under Okawaru
 12532 | D:11     | Reached ** piety under Okawaru
 12569 | D:11     | Noticed a cyan ugly thing
 12579 | D:11     | Killed a cyan ugly thing
 12684 | D:11     | Reached *** piety under Okawaru
 13085 | D:11     | Found a shadowy altar of Dithmenos.
 13223 | D:11     | Found a staircase to the Orcish Mines.
 13258 | D:11     | Found a roughly hewn altar of Beogh.
 13332 | D:11     | Found a staircase to the Lair.
 13337 | Lair:1   | Entered Level 1 of the Lair of Beasts
 13501 | Lair:1   | Noticed Erica
 13507 | Lair:1   | Reached skill level 10 in Fighting
 13525 | Lair:1   | Killed Erica
 13535 | Lair:1   | Reached **** piety under Okawaru
 13863 | Lair:1   | Reached XP level 12. HP: 86/106 MP: 11/11
 14684 | Lair:2   | Reached ***** piety under Okawaru
 16272 | Lair:4   | Found a staircase to the Shoals.
 16516 | Lair:4   | Received a gift from Okawaru
 17416 | Lair:5   | Found a staircase to the Snake Pit.
 17519 | Lair:5   | Reached XP level 13. HP: 84/116 MP: 12/12
 18926 | Lair:6   | Reached ****** piety under Okawaru
 18946 | Lair:6   | Received a gift from Okawaru
 19031 | Lair:6   | Reached skill level 15 in Shields
 19222 | Lair:6   | Identified a scroll of acquirement
 21121 | Lair:7   | Reached XP level 14. HP: 68/126 MP: 13/13
 21140 | Lair:7   | Found a staircase to the Slime Pits.
 21316 | Lair:7   | Noticed an acid blob
 21323 | Lair:7   | Killed an acid blob
 21462 | Lair:7   | Received a gift from Okawaru
 21605 | Lair:8   | Entered Level 8 of the Lair of Beasts
 21872 | Lair:8   | Reached skill level 15 in Long Blades
 24054 | D:12     | Received a gift from Okawaru
 24861 | D:13     | Found a flagged portal.
 25022 | Bailey   | Entered a bailey
 25083 | Bailey   | Noticed schammes's ghost (journeyman GrFi)
 25121 | Bailey   | Killed schammes's ghost
 25532 | Bailey   | Noticed an orc warlord
 25560 | Bailey   | Killed an orc warlord
 25560 | Bailey   | Received a gift from Okawaru
 25562 | Bailey   | Reached XP level 15. HP: 77/136 MP: 14/14
 26512 | D:14     | Found a gate to the Vaults.
 26699 | D:14     | Noticed Maud
 26712 | D:14     | Killed Maud
 26750 | D:14     | Found Ricazul's Antique Weapon Boutique.
 26807 | D:14     | Noticed RepoMan's ghost (journeyman FeTm)
 26864 | D:14     | Killed RepoMan's ghost
 27408 | D:15     | Entered Level 15 of the Dungeon
 27462 | D:15     | Received a gift from Okawaru
 27487 | D:15     | Got a pair of faintly glowing boots {god gift}
 27498 | D:15     | Identified the +1 pair of boots of the Lute {rPois rN+ rCorr Str+3} (Okawaru gifted it to you on level 15 of the Dungeon)
 27813 | D:15     | Found a staircase to the Depths.
 28263 | D:15     | Found a glowing golden altar of the Shining One.
 28541 | D:15     | Reached skill level 1 in Throwing
 28541 | D:15     | Reached skill level 1 in Unarmed Combat
 28541 | D:15     | Reached skill level 1 in Invocations
 28541 | D:15     | Reached skill level 1 in Evocations
 28541 | D:15     | Reached XP level 16. HP: 146/146 MP: 14/16
 28638 | Orc:1    | Entered Level 1 of the Orcish Mines
 28702 | Orc:1    | Found Jitup's Book Emporium.
 28710 | Orc:1    | Found a dark tunnel.
 28727 | Volcano  | Entered a volcano
 29663 | Orc:2    | Entered Level 2 of the Orcish Mines
 29907 | Orc:2    | Found Imash's Antique Armour Boutique.
 29951 | Orc:2    | Found a staircase to the Elven Halls.
 30323 | Orc:2    | Found Lusiunla's Book Boutique.
 30324 | Orc:2    | Found Ucwufiaf's Food Shop.
 30333 | Orc:2    | Found Kowolene's Book Shop.
 30730 | Orc:1    | Reached XP level 17. HP: 134/154 MP: 15/17
 30822 | Orc:2    | Received a gift from Okawaru
 30826 | Orc:2    | Got a translucent demon blade {god gift}
 30827 | Orc:2    | Identified the +4 demon blade of Sawnoasi {vamp, rF+++ rC- Int-2 Stlth+} (Okawaru gifted it to you on level 2 of the Orcish Mines)
 30842 | Orc:2    | Found Ahiemy's Armour Boutique.
 30941 | Orc:2    | Bought a heavily runed cloak for 199 gold pieces
 30951 | Orc:2    | Identified the -3 cloak of Affu {rN+ MR- Int+7} (You bought it in a shop on level 2 of the Orcish Mines)
 31397 | Snake:1  | Entered Level 1 of the Snake Pit
 31593 | Snake:1  | Found Rexut's Antique Weapon Emporium.
 32523 | Snake:2  | Received a gift from Okawaru
 32526 | Snake:2  | Reached skill level 15 in Armour
 32812 | Snake:2  | Reached skill level 15 in Fighting
 34291 | Snake:4  | Entered Level 4 of the Snake Pit
 34350 | Snake:4  | Noticed Roxanne
 35273 | Snake:4  | Killed Roxanne
 35288 | Snake:4  | Identified Roxanne's Volume of Clay (You took it off Roxanne on level 4 of the Snake Pit)
 35551 | Snake:4  | Reached XP level 18. HP: 166/166 MP: 18/18
 35700 | Snake:4  | Received a gift from Okawaru
 35929 | Snake:4  | Noticed Vashnia
 36695 | Snake:4  | Got a serpentine rune of Zot
 36841 | Snake:4  | Killed Vashnia
 36841 | Snake:4  | Received a gift from Okawaru
 37276 | Elf:1    | Entered Level 1 of the Elven Halls
 37867 | Elf:1    | Noticed Kirke
 37889 | Elf:1    | Killed Kirke
 39338 | Elf:2    | Gained mutation: You have a somewhat thin skeletal structure (Dex +2, Stealth). [potion of beneficial mutation]
 39420 | Elf:2    | Found a huge runed gate.
 39420 | Elf:2    | Found a huge runed gate.
 39420 | Elf:2    | Found a huge runed gate.
 39421 | Elf:2    | Found a huge runed gate.
 39422 | Elf:2    | Found a huge runed gate.
 39680 | Elf:2    | Reached XP level 19. HP: 174/174 MP: 19/19
 39922 | Elf:2    | Received a gift from Okawaru
 40340 | Elf:3    | Entered Level 3 of the Elven Halls
 40510 | Elf:3    | Found Temikh's Jewellery Boutique.
 41275 | Elf:3    | Received a gift from Okawaru
 41532 | Elf:3    | Identified the Almanac of Torrid Creation (You found it on level 3 of the Elven Halls)
 41600 | Elf:3    | Identified Ypialoill's Compendium of Hexes
 41629 | Elf:3    | Got a brightly glowing plate armour
 41640 | Elf:3    | Identified the +12 plate armour of the Vaults {SInv} (You found it on level 3 of the Elven Halls)
 41698 | Elf:3    | Identified Kaekloug's Handbook of Creative Air
 41744 | Elf:3    | Identified Bampig's Papyrus of Enchanting Shape Shifting
 41750 | Elf:3    | Identified the Papyrus of Fetching Envenoming
 41756 | Elf:3    | Identified Vehumet's Volume of Confrontation
 41812 | Elf:3    | Got a faintly glowing pewter ring
 41848 | Elf:3    | Got a scorched spear {freeze}
 41849 | Elf:3    | Identified the +5 spear "Jellyslayer" {freeze, MR+ Str-3 Int+2 SInv} (You took it off a deep elf elementalist on level 3 of the Elven Halls)
 41855 | Elf:3    | Identified the ring "Yxyagook" {Str+6 SInv} (You took it off a deep elf demonologist on level 3 of the Elven Halls)
 42078 | Elf:3    | Got a crude platinum ring
 42194 | Elf:3    | Identified the ring of Fanaticism {*Tele MR+ Int+2 Dex+3 Slay+2} (You took it off a deep elf sorcerer on level 3 of the Elven Halls)
 42287 | Elf:3    | Reached XP level 20. HP: 143/185 MP: 10/20
 43253 | Shoals:1 | Entered Level 1 of the Shoals
 43416 | Shoals:1 | Noticed Josephine
 43722 | Shoals:1 | Killed Josephine
 43727 | Shoals:1 | Noticed Donald
 43741 | Shoals:1 | Killed Donald
 44236 | Slime:1  | Entered Level 1 of the Pits of Slime
 44741 | Slime:2  | Gained mutation: Potions and wands are less effective at restoring your health. [a shining eye]
 44747 | Slime:2  | Received a gift from Okawaru
 45213 | Slime:4  | Gained mutation: You occasionally shout uncontrollably at your foes. [a shining eye]
 45219 | Slime:4  | Received a gift from Okawaru
 46788 | Slime:6  | Entered Level 6 of the Pits of Slime
 46828 | Slime:6  | Gained mutation: You sometimes yell uncontrollably at your foes. [a shining eye]
 47144 | Slime:6  | Gained mutation: You tend to lose your temper in combat. [a shining eye]
 47148 | Slime:6  | Gained mutation: You are dopey. (Int -2) [a shining eye]
 47152 | Slime:6  | Received a gift from Okawaru
 47155 | Slime:6  | Got a translucent cloak {god gift}
 47177 | Slime:6  | Reached XP level 21. HP: 149/195 MP: 21/21
 47207 | Slime:5  | Identified the +0 cloak of Brilliance {SInv} (Okawaru gifted it to you on level 6 of the Pits of Slime)
 47287 | Slime:6  | Gained mutation: You have sharp fingernails. [a shining eye]
 47291 | Slime:6  | Gained mutation: Scrolls take you a little longer to read. [a shining eye]
 47359 | Slime:6  | Noticed the Royal Jelly
 47700 | Slime:5  | HP: 4/195 [slime creature (11)]
 48782 | Slime:6  | Killed the Royal Jelly
 49822 | Slime:6  | Gained mutation: You often lose your temper in combat. [a shining eye]
 50058 | Slime:6  | Identified the Guide on Execration
 50147 | Slime:6  | Got a slimy rune of Zot
 50257 | Slime:6  | Identified the Catalogue of Mutagenic Clay
 50666 | Lair:1   | Lost mutation: You sometimes yell uncontrollably at your foes. [potion of cure mutation]
 50666 | Lair:1   | Lost mutation: You are dopey. (Int -2) [potion of cure mutation]
 50666 | Lair:1   | Lost mutation: You often lose your temper in combat. [potion of cure mutation]
 50666 | Lair:1   | Lost mutation: You tend to lose your temper in combat. [potion of cure mutation]
 50666 | Lair:1   | Lost mutation: You have a somewhat thin skeletal structure (Dex +2, Stealth). [potion of cure mutation]
 50666 | Lair:1   | Lost mutation: Scrolls take you a little longer to read. [potion of cure mutation]
 51118 | Shoals:1 | Found an iron altar of Okawaru.
 51274 | Shoals:2 | Found Ilumoic's Magic Scroll Shop.
 51406 | Shoals:2 | Received a gift from Okawaru
 52016 | Shoals:3 | Noticed Ilsuiw
 52045 | Shoals:3 | Noticed Louise
 52058 | Shoals:3 | Killed Ilsuiw
 52077 | Shoals:3 | Killed Louise
 53316 | Shoals:3 | Received a gift from Okawaru
 53448 | Shoals:4 | Entered Level 4 of the Shoals
 54188 | Shoals:4 | Got a barnacled rune of Zot
 54559 | Shoals:4 | Reached XP level 22. HP: 206/206 MP: 21/23
 54694 | Shoals:4 | Identified Equxinar's Volume of Calling and the Rocks
 55100 | Vaults:1 | Entered Level 1 of the Vaults
 55896 | Vaults:1 | Noticed Nikola
 55912 | Vaults:1 | Killed Nikola
 56148 | Vaults:1 | Received a gift from Okawaru
 56157 | Vaults:1 | Got a heavily runed chain mail {god gift}
 56158 | Vaults:1 | Identified the +5 chain mail of a volcano {rN+ Str+4 Slay+2} (Okawaru gifted it to you on level 1 of the Vaults)
 56741 | Vaults:2 | Got a shimmering long sword
 56742 | Vaults:2 | Identified the +4 long sword of Beogh's Outrage {freeze, Int+4 Dex+4 SInv} (You found it on level 2 of the Vaults)
 57518 | Vaults:2 | Found a staircase to the Crypt.
 57610 | Vaults:3 | Noticed Sojobo
 57634 | Vaults:3 | Killed Sojobo
 58020 | Vaults:3 | Found Cesmek's Magic Scroll Boutique.
 58220 | Vaults:3 | Reached skill level 10 in Dodging
 58776 | Vaults:4 | Received a gift from Okawaru
 59004 | Vaults:4 | Reached XP level 23. HP: 195/212 MP: 24/24
 59461 | Vaults:4 | Received a gift from Okawaru
 59798 | Vaults:4 | Found Keotaff's Armour Shoppe.
 59801 | Vaults:4 | Bought a +2 pair of boots of flying for 322 gold pieces
 60267 | Vaults:5 | Entered Level 5 of the Vaults
 61397 | Vaults:4 | Received a gift from Okawaru
 61901 | Vaults:5 | Reached XP level 24. HP: 86/226 MP: 24/24
 61923 | Vaults:5 | Received a gift from Okawaru
 61949 | Vaults:5 | Got a pair of fine boots {god gift}
 62342 | Vaults:4 | Identified the +2 pair of boots "Arhucrum" {rPois rC+ Dex+4 Stlth+} (Okawaru gifted it to you on level 5 of the Vaults)
 62392 | Vaults:5 | Reached skill level 27 in Shields
 62418 | Vaults:5 | Identified Haoseeb's Collected Works on Nocuous Ice
 62646 | Vaults:5 | Got a steaming amethyst amulet
 62648 | Vaults:5 | Identified the amulet "Keklu" {Harm *Drain *Confuse rElec rN++ Int-3} (You found it on level 5 of the Vaults)
 63009 | Vaults:5 | Identified Seirep's Almanac of the Arsonist
 63457 | Vaults:5 | Got a silver rune of Zot
 64570 | Elf:3    | Bought a +5 amulet of reflection for 375 gold pieces
 65610 | D:8      | Bought a scroll of enchant armour for 97 gold pieces
 66327 | Lair:1   | Lost mutation: Potions and wands are less effective at restoring your health. [potion of cure mutation]
 66327 | Lair:1   | Lost mutation: You occasionally shout uncontrollably at your foes. [potion of cure mutation]
 66327 | Lair:1   | Lost mutation: You have sharp fingernails. [potion of cure mutation]
 66679 | Crypt:1  | Entered Level 1 of the Crypt
 66803 | Crypt:1  | Found a magical portal.
 66808 | WizLab   | Entered Doroklohe's Tomb
 67012 | WizLab   | Noticed a greater mummy
 67018 | WizLab   | Killed a greater mummy
 67018 | WizLab   | Received a gift from Okawaru
 67915 | Crypt:1  | Noticed Saint Roka
 67941 | Crypt:1  | Killed Saint Roka
 67941 | Crypt:1  | Reached skill level 27 in Long Blades
 68689 | Crypt:2  | Got a fine long sword
 68690 | Crypt:2  | Identified the +6 long sword of the Evening {distort, Dex+2} (You found it on level 2 of the Crypt)
 69358 | Crypt:2  | Identified the Catalogue of Quantum Enchantment
 69517 | Crypt:3  | Entered Level 3 of the Crypt
 70029 | Crypt:3  | Got a fine chain mail
 70030 | Crypt:3  | Identified the +1 chain mail "Cuqogrum" {rF+ rN+ MP+9} (You acquired it on level 3 of the Crypt)
 70098 | Crypt:3  | Received a gift from Okawaru
 70103 | Crypt:3  | Reached XP level 25. HP: 221/240 MP: 24/24
 70405 | Crypt:3  | Found an ancient bone altar of Kikubaaqudgha.
 70710 | Crypt:3  | Noticed an ancient lich
 70710 | Crypt:3  | Noticed an ancient lich
 70745 | Crypt:3  | Killed an ancient lich
 70751 | Crypt:3  | Killed an ancient lich
 70972 | Crypt:3  | Got a scintillating sapphire amulet
 70975 | Crypt:3  | Identified the amulet "Behuamik" {Reflect rElec rN+ MR+ Int-4 SH+3} (You found it on level 3 of the Crypt)
 71548 | Crypt:3  | Got a slimy tin amulet
 71553 | Crypt:3  | Got a brightly glowing plate armour
 71554 | Crypt:3  | Identified the +1 plate armour of Ladders and Snakes {MR+ rCorr Dex+4} (You acquired it on level 3 of the Crypt)
 71557 | Crypt:3  | Identified the amulet "Duagutam" {rElec rPois rF++ Regen+} (You took it off an ushabti on level 3 of the Crypt)
 71570 | Crypt:3  | Found a staircase to the Tomb.
 71570 | Crypt:3  | Noticed a greater mummy
 71581 | Crypt:3  | Killed a greater mummy
 71593 | Crypt:3  | Got a steaming copper ring
 71594 | Crypt:3  | Identified the ring "Suqyann" {*Corrode rPois rN+ Str+2 Int+5} (You found it on level 3 of the Crypt)
 72421 | Crypt:3  | Got a wavering turquoise ring
 72427 | Crypt:3  | Identified the ring "Ekkiun" {Str-3 Dex+2 Slay+1 SInv} (You found it on level 3 of the Crypt)
 73149 | Depths:1 | Entered Level 1 of the Depths
 73565 | Depths:1 | Found a gateway to Hell.
 74770 | Depths:2 | Received a gift from Okawaru
 74808 | Depths:2 | Noticed a juggernaut
 74823 | Depths:2 | Killed a juggernaut
 75521 | Depths:2 | Reached XP level 26. HP: 203/259 MP: 24/24
 75785 | Depths:3 | Lost intelligence.
 75903 | Depths:3 | Received a gift from Okawaru
 76853 | Depths:3 | Got a scorched steel ring
 76855 | Depths:3 | Got a smoking silver ring
 76856 | Depths:3 | Identified the ring of the Twelve Eyes {Wiz SInv} (You found it on level 3 of the Depths)
 76857 | Depths:3 | Identified the ring of Cowardice {+Blink rPois Str-4 Dex+6 Stlth+} (You found it on level 3 of the Depths)
 77275 | Depths:3 | Found a one-way gate leading to the halls of Pandemonium.
 78263 | Depths:4 | Found a one-way gate to the infinite horrors of the Abyss.
 78274 | Depths:4 | Reached skill level 27 in Fighting
 78276 | Depths:4 | Received a gift from Okawaru
 78309 | Depths:4 | Got a smoking chain mail {god gift}
 78311 | Depths:4 | Identified the +1 chain mail of Life {-Cast rElec rF++ Dex+4} (Okawaru gifted it to you on level 4 of the Depths)
 79310 | Depths:4 | Got a wavering tin ring
 79404 | Depths:4 | Noticed a juggernaut
 79406 | Depths:4 | Reached XP level 27. HP: 110/273 MP: 24/24
 79415 | Depths:4 | Killed a juggernaut
 79898 | Depths:4 | Received a gift from Okawaru
 80335 | Depths:4 | Identified the ring "Pyiris" {rC+ Str+2 Stlth-} (You took it off a hell knight on level 4 of the Depths)
 80348 | Depths:4 | Identified Qaefya's Incunabulum of Orientation (You found it on level 4 of the Depths)
 80823 | Depths:5 | Entered Level 5 of the Depths
 80823 | Depths:5 | Found a gateway to a ziggurat.
 80941 | Depths:5 | Received a gift from Okawaru
 80957 | Depths:5 | Noticed a juggernaut
 80964 | Depths:5 | Killed a juggernaut
 80964 | Depths:5 | Reached skill level 5 in Invocations
 81232 | Depths:5 | Received a gift from Okawaru
 81748 | Depths:5 | Found a runed door.
 81748 | Depths:5 | Found a runed door.
 81857 | Depths:5 | Found a gate to the Realm of Zot.
 81915 | Depths:5 | Found a runed door.
 81915 | Depths:5 | Found a runed door.
 82242 | Depths:5 | Found a runed door.
 82242 | Depths:5 | Found a runed door.
 82884 | Zot:1    | Entered Level 1 of the Realm of Zot
 83612 | Zot:1    | Received a gift from Okawaru
 83612 | Zot:1    | Reached skill level 27 in Armour
 83681 | Zot:1    | Reached skill level 5 in Evocations
 84698 | Zot:2    | Reached skill level 5 in Stealth
 84933 | Zot:2    | Received a gift from Okawaru
 84946 | Zot:2    | Got a faintly glowing long sword {god gift}
 84947 | Zot:2    | Identified the +3 long sword of Putrescence {venom, rElec rF- Dex+4} (Okawaru gifted it to you on level 2 of the Realm of Zot)
 85350 | Zot:2    | Reached skill level 10 in Invocations
 86309 | Zot:4    | Received a gift from Okawaru
 87139 | Zot:4    | Received a gift from Okawaru
 87268 | Zot:4    | Reached skill level 10 in Evocations
 87403 | Zot:5    | Entered Level 5 of the Realm of Zot
 87429 | Zot:5    | Received a gift from Okawaru
 88215 | Zot:5    | Lost intelligence.
 88504 | Zot:5    | Received a gift from Okawaru
 88518 | Zot:5    | Noticed an orb of fire
 88518 | Zot:5    | Gained mutation: Scrolls take you a little longer to read. [an orb of fire]
 88520 | Zot:5    | Gained mutation: You occasionally shout uncontrollably at your foes. [an orb of fire]
 88523 | Zot:5    | Gained mutation: Your body sometimes deteriorates upon taking damage. [an orb of fire]
 88527 | Zot:5    | Gained mutation: You are clumsy. (Dex -2) [an orb of fire]
 88535 | Zot:5    | Killed an orb of fire
 88784 | Zot:5    | Noticed an ancient lich
 88789 | Zot:5    | Noticed an orb of fire
 88791 | Zot:5    | Noticed an orb of fire
 88806 | Zot:5    | Gained mutation: Scrolls take you longer to read. [an orb of fire]
 88806 | Zot:5    | Gained mutation: Scrolls take you much longer to read. [an orb of fire]
 88807 | Zot:5    | Gained mutation: Potions and wands are less effective at restoring your health. [an orb of fire]
 88809 | Zot:5    | Killed an orb of fire
 88811 | Zot:5    | Gained mutation: Your spells are a little easier to cast, but a little less powerful. [an orb of fire]
 88816 | Zot:5    | Gained mutation: You are very clumsy. (Dex -4) [an orb of fire]
 88817 | Zot:5    | Killed an orb of fire
 88828 | Zot:5    | HP: 3/273 [Orb Guardian (32)]
 88828 | Zot:5    | Lost intelligence.
 88829 | Zot:5    | Demolished by a Killer Klown

Skill      XL: |  1  2  3  4  5  6  7  8  9 10 11 12 13 14 15 16 17 18 19 20 21 22 23 24 25 26 27 |
---------------+----------------------------------------------------------------------------------+-----
Fighting       | 4 5 6 7 8 10 11 12 13 14 15 16 17 18 19 20 22 25 27 | 27.0
Armour         | 4 5 7 8 9 10 11 12 13 14 15 16 17 18 20 22 27 | 27.0
Long Blades    | 3 4 5 6 8 10 11 13 14 16 17 19 20 21 23 25 26 27 | 27.0
Shields        | 4 5 6 7 9 11 13 14 15 16 17 18 19 20 22 23 24 25 26 27 | 27.0
Dodging        | 1 2 4 5 6 7 8 9 10 | 10.4
Stealth        | 1 2 3 6 |  6.4
Throwing       | 1 |  1.3
Unarmed Combat | 1 |  1.3
Invocations    | 1 2 3 14 | 14.6
Evocations     | 1 2 3 12 | 12.0
Spellcasting   | |  0.7

Action                   |  1- 3 |  4- 6 |  7- 9 | 10-12 | 13-15 | 16-18 | 19-21 | 22-24 | 25-27 || total
-------------------------+-------+-------+-------+-------+-------+-------+-------+-------+-------++-------
Melee: Long sword        |    98 |   132 |   465 |   357 |       |       |       |       |       ||  1052
       Headbutt          |    15 |    22 |    72 |   262 |   443 |   505 |   589 |   601 |   979 ||  3488
       Scimitar          |       |       |       |   749 |  1350 |   299 |       |       |       ||  2398
       Double sword      |       |       |       |       |   100 |       |  1301 |  1920 |   860 ||  4181
       Demon blade       |       |       |       |       |       |  1523 |   484 |       |       ||  2007
       Katana            |       |       |       |       |       |       |       |       |  1829 ||  1829
Invok: Heroism           |       |       |       |     2 |    11 |     7 |    18 |     9 |    14 ||    61
       Finesse           |       |       |       |       |       |       |     1 |       |       ||     1
 Abil: Evoke Flight      |       |       |       |       |       |     2 |       |       |       ||     2
       Evoke Invisibilit |       |       |       |       |       |     1 |       |       |       ||     1
Evoke: Wand              |       |       |       |     2 |     6 |     6 |     8 |    15 |    18 ||    55
  Use: Potion            |       |     1 |     2 |       |     3 |     1 |     3 |     5 |     1 ||    16
       Scroll            |       |       |    18 |     5 |    22 |     5 |    18 |    21 |    18 ||   107
 Stab: Petrified         |       |       |       |       |     2 |       |       |       |       ||     2
       Distracted        |       |       |       |       |       |       |       |       |     1 ||     1
  Eat: Chunk             |     2 |     3 |    11 |    51 |    43 |    44 |    49 |    63 |   106 ||   372
       Bread ration      |       |       |     1 |       |       |       |       |       |       ||     1
       Beef jerky        |       |       |     1 |       |       |       |       |       |       ||     1
       Fruit             |       |       |     1 |       |       |       |     9 |       |       ||    10
       Royal jelly       |       |       |       |       |       |       |     2 |       |       ||     2
       Pizza             |       |       |       |       |       |       |     3 |       |     5 ||     8
Armor: Scale mail        |    40 |    61 |    75 |       |       |       |       |       |       ||   176
       Chain mail        |       |       |   100 |       |   179 |       |       |       |       ||   279
       Plate armour      |       |       |    57 |   457 |   406 |   383 |   580 |   333 |       ||  2216
       Gold dragon armou |       |       |       |       |       |       |       |   118 |   860 ||   978
Dodge: Dodged            |    31 |    45 |   145 |   348 |   492 |   331 |   532 |   388 |   590 ||  2902
Block: Shield            |    47 |    63 |   279 |   773 |   724 |       |       |       |       ||  1886
       Large shield      |       |       |       |       |   429 |  1791 |  2282 |  2275 |  3438 || 10215
       Reflection        |       |       |       |       |       |       |       |       |   138 ||   138
